AoeStats
← 8

Arena

510099856Analyzed
4v4 RM · 4d ago on Sep 29, 2026· 30m 48s· 8 players
Game mode
Random Map
Map size
Large (8 player)
Population
200
Speed
Normal
Resources
Standard
Victory
Conquest
Starting age
Dark Age
Ending age
Imperial Age
RankedLock teamsTeams togetherTeam positionsShared explorationLock speedFull tech treeHidden civsTurbo modeCheats
Victory
Defeat
🇨🇳 Italians · China
1340
+14
🇨🇳 Franks · China
1339
+14
🇺🇸 Khmer · United States
1278
+16
🇺🇸 Dravidians · United States
1227
+18
🇸🇪 Saxons · Sweden
1315
-17
🇨🇳 Persians · China
1286
-16
🇫🇷 Vietnamese · France
1284
-15
🇹🇷 Koreans · Türkiye
1242
-14
Gericault667
10:41 Feudal Age
12:20 Loom
15:14 Castle Age
13:14 Double-Bit Axe
13:31 Horse Collar
14:13 Stone Mining
14:32 Gold Mining
16:33 Wheelbarrow
16:33 Bow Saw
16:39 Town Watch
22:23 Fletching
Gustavus Adolphus
11:19 Feudal Age
12:08 Double-Bit Axe
14:55 Castle Age
13:29 Horse Collar
13:43 Gold Mining
17:15 Pikeman
22:11 Scale Mail Armor
23:22 Chain Mail Armor
23:11 Squires
23:35 Gambesons
24:59 Forging
25:21 Loom
28:13 Wheelbarrow
29:01 Iron Casting
Crucio
10:11 Feudal Age
11:00 Double-Bit Axe
14:14 Castle Age
12:48 Scale Mail Armor
14:48 Forging
25:00 Horse Collar
26:45 Bow Saw
28:37 Wheelbarrow
29:56 Heavy Plow
哈撒韦
10:27 Feudal Age
13:57 Castle Age
12:14 Double-Bit Axe
12:31 Horse Collar
15:45 Bow Saw
23:53 Wheelbarrow
23:52 Gold Mining
23:56 Stone Mining
24:45 Heavy Plow
25:15 Hand Cart
29:01 Imperial Age
26:34 Loom
27:39 Gold Shaft Mining
27:41 Stone Shaft Mining
27:33 Scale Barding Armor
28:07 Forging
29:06 Chain Barding Armor
29:32 Chain Barding Armor
29:48 Iron Casting
28:38 Elite War Elephant
29:58 Bloodlines
29:48 Husbandry
30:21 Conscription
31:26 Plate Barding Armor
31:52 Blast Furnace
深秋
10:56 Feudal Age
15:26 Castle Age
14:19 Double-Bit Axe
23:39 Bow Saw
28:17 Imperial Age
26:27 Wheelbarrow
25:41 Loom
26:54 Gold Mining
27:16 Forging
27:12 Scale Barding Armor
28:02 Hand Cart
28:37 Cavalier
29:28 Husbandry
30:04 Paladin
31:14 Chain Barding Armor
31:30 Iron Casting
73624617386501790
11:16 Feudal Age
12:08 Double-Bit Axe
15:22 Castle Age
14:09 Horse Collar
16:13 Bow Saw
16:55 Heavy Plow
18:48 Gold Mining
20:28 Loom
27:24 Imperial Age
25:34 Fletching
29:22 Bodkin Arrow
30:50 Bracer
Ra
9:56 Feudal Age
10:44 Feudal Age
13:34 Castle Age
11:46 Double-Bit Axe
12:07 Horse Collar
18:25 Bloodlines
18:47 Scale Barding Armor
20:57 Chain Barding Armor
23:15 Husbandry
25:15 Forging
26:40 Loom
27:30 Wheelbarrow
26:40 Town Watch
8
9:58 Feudal Age
14:07 Castle Age
12:28 Double-Bit Axe
12:59 Fletching
18:04 Crossbowman
20:16 Bodkin Arrow
27:25 Wheelbarrow
28:30 Loom
29:34 Forging
31:23 Iron Casting
Connection lost

Rejoining the realm…

Still unreachable

The connection could not be restored.

Session expired

The server has moved on; the page needs a fresh start.